Golden Knights vs Blue Jackets

Created - April 25, 2021 at 21:05

Goals
1 2 3 T
Golden Knights 0 0 1 1
Blue Jackets 3 4 0 7
Shots
1 2 3 T
Golden Knights 12 8 18 38
Blue Jackets 12 16 6 34

1st period

1. Blue Jackets , Tyler Seguin 31 (Dalton Prout 15, Artemi Panarin 55) at 1:41
2. Blue Jackets , Pavel Datsyuk 17 (Tyler Kennedy 14, Eric Wellwood 21) at 3:06
3. Blue Jackets , Tyler Seguin 32 (Artemi Panarin 56) at 15:07

Penalties :
Mike Lundin (Clb) for Holding (Minor) at 8:41

2nd period

4. Blue Jackets , Devin Setoguchi 23 (Tyler Seguin 63) at 10:35
5. Blue Jackets , Martin Havlat 21 (Max Pacioretty 39, Cody Hodgson 31) at 14:52 (PP)
6. Blue Jackets , Martin Havlat 22 (Max Pacioretty 40, Cody Hodgson 32) at 18:43
7. Blue Jackets , Pavel Datsyuk 18 (Tyler Kennedy 15, Cam Fowler 27) at 19:17

Penalties :
Dennis Wideman (Clb) for Roughing (Minor) at 1:52, Wes O'Neill (Vgs) for Roughing (Minor) at 12:58

3rd period

8. Golden Knights , Nathan Horton 15 (Shawn Matthias 15, Michael Kostka 14) at 10:38

Penalties :
Max Pacioretty (Clb) for Hooking (Minor) at 1:52, Sebastian Aho (Vgs) for Hooking (Minor) at 5:26, Pavel Datsyuk (Clb) for Hooking (Minor) at 12:53

Goalie Stats

Matt Hackett (Vgs), 8 saves from 10 shots - (0.800), 25:08 minutes
Ondrej Pavelec (Vgs), 19 saves from 24 shots - (0.792), L, 29-23-6, 34:52 minutes
Rick DiPietro (Clb), 37 saves from 38 shots - (0.974), W, 22-24-3, 60:00 minutes

Players Stats for Golden Knights

Player Name              G  A  P  +/- PIM S  H  SB GA TA FO     MP     PP MP  PK MP  
------------------------------------------------------------------------------------
Andrei Loktionov         0  0  0  -3  0   4  0  1  0  1  7/23   17:50   4:17   0:33 
Chris Tierney            0  0  0   0  0   1  2  0  1  0  2/5     9:54   0:00   0:00 
Ilya Kovalchuk           0  0  0  -3  0   2  1  0  0  0  0/1    17:30   3:39   0:31 
Jamie Oleksiak           0  0  0  -1  0   1  2  0  0  1  0/0    16:11   0:00   0:33 
Jared Cowen              0  0  0  -1  0   1  2  1  0  1  0/0    22:51   4:34   2:19 
Matt Stajan              0  0  0  -2  0   2  0  0  0  1  8/18   18:18   3:39   0:33 
Michael Frolik           0  0  0  -3  0   2  1  1  2  1  2/5    20:29   4:17   2:49 
Michael Kostka           0  1  1  -1  0   4  1  1  0  1  0/0    20:49   3:22   2:19 
Nathan Horton            1  0  1   0  0   5  1  0  0  0  0/0     9:54   0:00   0:00 
Sebastian Aho            0  0  0   0  2   2  0  0  0  0  1/5    11:18   0:08   0:00 
Sergei Plotnikov         0  0  0   0  0   0  1  0  0  1  0/0    14:00   0:00   2:49 
Shawn Matthias           0  1  1   0  0   1  0  0  0  0  0/1     9:54   0:00   0:00 
Thomas Vanek             0  0  0  -2  0   5  2  0  2  0  0/0    17:55   4:09   0:00 
Vladimir Mihalik         0  0  0  -3  0   1  0  0  0  0  0/0    18:39   0:00   1:34 
Vladimir Zharkov         0  0  0   0  0   3  0  0  0  0  0/0    11:19   0:00   0:31 
Wayne Simmonds           0  0  0  -2  0   1  0  0  0  0  1/2    17:45   3:39   0:00 
Wes O'Neill              0  0  0  -1  2   2  2  0  0  1  0/0    21:08   3:22   1:01 
Zach Bogosian            0  0  0  -3  0   1  3  0  0  0  0/0    20:21   4:34   0:00 

Players Stats for Blue Jackets

Player Name              G  A  P  +/- PIM S  H  SB GA TA FO     MP     PP MP  PK MP  
------------------------------------------------------------------------------------
Andreas Nodl             0  0  0   0  0   2  0  0  1  1  0/0     6:11   0:00   0:00 
Artemi Panarin           0  2  2   2  0   5  0  0  2  1  0/0    20:10   1:24   4:19 
Brandon Bollig           0  0  0   0  0   0  0  2  0  0  0/0     6:26   0:00   0:15 
Branislav Mezei          0  0  0   1  0   0  0  1  1  0  0/0    12:42   0:02   1:46 
Cam Fowler               0  1  1   3  0   0  1  2  0  0  0/0    26:32   1:10   3:52 
Cody Hodgson             0  2  2   1  0   3  4  1  0  0  8/12   20:17   2:29   2:25 
Dalton Prout             0  1  1   1  0   1  2  1  0  1  0/0    21:40   2:41   3:54 
Dennis Wideman           0  0  0   1  2   0  0  2  0  1  0/0    20:51   2:41   3:01 
Devin Setoguchi          1  0  1   2  0   2  0  0  1  0  1/1    15:37   1:24   0:00 
Eric Wellwood            0  1  1   2  0   1  1  1  0  0  0/0    15:08   0:00   2:13 
Martin Havlat            2  0  2   1  0   5  2  0  0  0  1/1    17:33   2:29   0:00 
Max Pacioretty           0  2  2   1  2   4  1  0  1  0  0/0    19:42   2:29   2:05 
Mike Lundin              0  0  0   2  2   2  0  2  2  0  0/0    24:05   1:10   3:09 
Pavel Datsyuk            2  0  2   2  2   4  1  1  0  1  3/6    13:47   0:00   0:29 
Rob Scuderi              0  0  0   1  0   1  0  0  0  0  0/0    10:57   0:02   0:00 
Ryan Wilson              0  0  0   1  0   0  0  0  0  0  0/0     3:16   0:00   0:10 
Tyler Kennedy            0  2  2   2  0   1  1  1  0  0  0/0    12:53   0:00   0:00 
Tyler Seguin             2  1  3   2  0   3  6  0  0  0  26/40  24:13   1:24   4:06 

3 Stars

1 - Tyler Seguin (Clb)
2 - Rick DiPietro (Clb)
3 - Martin Havlat (Clb)

Power Play

Golden Knights - 0 on 4 Attempt(s) - 0.00%
Blue Jackets - 1 on 2 Attempt(s) - 50.00%

Penalty Kill

Golden Knights - 1 on 2 Attempt(s) - 50.00% - Score 0 goal in Penalty Kill
Blue Jackets - 4 on 4 Attempt(s) - 100.00% - Score 0 goal in Penalty Kill

Team Stat

Golden Knights - Hits : 18 - Faceoff Wins : 21 - Blocked Shots : 4 - Penalty Minutes : 4
Blue Jackets - Hits : 19 - Faceoff Wins : 39 - Blocked Shots : 14 - Penalty Minutes : 8

Official

Referees : Unknown
Linesman : Unknown

Game Notes

Matt Hackett enters game at 14:52 of 2nd period

Finance

Level 1 -- Attendance: 4493 (74.88%) -- Ticket Income $516,695
Level 2 -- Attendance: 3521 (70.42%) -- Ticket Income $264,075
Level 3 -- Attendance: 1679 (83.95%) -- Ticket Income $75,555
Level 4 -- Attendance: 3441 (86.03%) -- Ticket Income $103,230
Luxury Box -- Attendance: 680 (68.00%) -- Ticket Income $146,200
Game was played at the Ohio State Arena.
Total Attendance: 13814 (76.74%)
Total Ticket Income: $1,105,755
Other Income: $165,863
Total Income: $1,271,618

Golden Knights

5 vs 5 Forward 
   Center                   Left Wing                Right Wing               Time % Phy DF OF 
 1 Andrei Loktionov         Ilya Kovalchuk           Michael Frolik           30     1   2  2  
 2 Matt Stajan              Thomas Vanek             Wayne Simmonds           30     1   2  2  
 3 Sebastian Aho            Sergei Plotnikov         Vladimir Zharkov         23     1   2  2  
 4 Chris Tierney            Shawn Matthias           Nathan Horton            17     1   2  2  

5 vs 5 Defense 
   Defense                  Defense                                           Time % Phy DF OF 
 1 Wes O'Neill              Jared Cowen                                       35     1   2  2  
 2 Zach Bogosian            Vladimir Mihalik                                  33     1   2  2  
 3 Michael Kostka           Jamie Oleksiak                                    32     1   2  2  
 4 Zach Bogosian            Jared Cowen                                       0      1   2  2  

PowerPlay Forward 
   Center                   Left Wing                Right Wing               Time % Phy DF OF 
 1 Andrei Loktionov         Thomas Vanek             Michael Frolik           60     1   2  2  
 2 Matt Stajan              Ilya Kovalchuk           Wayne Simmonds           40     1   2  2  

PowerPlay Defense
   Defense                  Defense                                           Time % Phy DF OF 
 1 Zach Bogosian            Jared Cowen                                       60     1   2  2  
 2 Michael Kostka           Wes O'Neill                                       40     1   2  2  

Penalty Kill 4 Players Forward 
   Center                   Wing                     Time % Phy DF OF 
 1 Michael Frolik           Sergei Plotnikov         60     1   2  2  
 2 Andrei Loktionov         Matt Stajan              40     1   2  2  

Penalty Kill 4 Players Defense
   Defense                  Defense                  Time % Phy DF OF 
 1 Wes O'Neill              Vladimir Mihalik         50     1   2  2  
 2 Michael Kostka           Jared Cowen              50     1   2  2  

Penalty Kill - 3 Players Forward 
   Forward                                           Time % Phy DF OF 
 1 Michael Frolik                                    60     1   2  2  
 2 Ilya Kovalchuk                                    40     1   2  2  

Penalty Kill - 3 Players Defense
   Defense                  Defense                  Time % Phy DF OF 
 1 Zach Bogosian            Jared Cowen              60     1   2  2  
 2 Michael Kostka           Vladimir Mihalik         40     1   2  2  

4 vs 4 Forward 
   Center                   Wing                     Time % Phy DF OF 
 1 Michael Frolik           Ilya Kovalchuk           60     1   2  2  
 2 Andrei Loktionov         Matt Stajan              40     1   2  2  

4 vs 4 Defense
   Defense                  Defense                  Time % Phy DF OF 
 1 Zach Bogosian            Jared Cowen              50     1   2  2  
 2 Michael Kostka           Vladimir Mihalik         50     1   2  2  

Last Minutes Offensive
   Center                   Left Wing                Right Wing               Defense                  Defense                  
   Andrei Loktionov         Ilya Kovalchuk           Sebastian Aho            Zach Bogosian            Jared Cowen              

Last Minutes Defensive
   Center                   Left Wing                Right Wing               Defense                  Defense                  
   Matt Stajan              Sergei Plotnikov         Michael Frolik           Zach Bogosian            Jared Cowen              

Goaltenders
Starting : Ondrej Pavelec           
Backup : Matt Hackett             

Extra Forwards
Normal : Nathan Horton, Sebastian Aho, Vladimir Zharkov - PP : Sebastian Aho, Shawn Matthias - PK : Vladimir Zharkov
Extra Defensemen
Normal : Wes O'Neill, Jamie Oleksiak, Michael Kostka - PP : Wes O'Neill - PK : Jamie Oleksiak, Michael Kostka
Penalty Shots
Michael Frolik, Ilya Kovalchuk, Andrei Loktionov, Matt Stajan, Thomas Vanek

Scratches
Mathew Dumba (Healthy), Patrice Cormier (Healthy)

Blue Jackets

5 vs 5 Forward 
   Center                   Left Wing                Right Wing               Time % Phy DF OF 
 1 Tyler Seguin             Artemi Panarin           Devin Setoguchi          40     1   2  2  
 2 Cody Hodgson             Max Pacioretty           Martin Havlat            30     1   2  2  
 3 Pavel Datsyuk            Eric Wellwood            Tyler Kennedy            20     1   2  2  
 4 Tyler Seguin             Brandon Bollig           Andreas Nodl             10     1   2  2  

5 vs 5 Defense 
   Defense                  Defense                                           Time % Phy DF OF 
 1 Cam Fowler               Mike Lundin                                       40     1   2  2  
 2 Dennis Wideman           Dalton Prout                                      30     1   2  2  
 3 Rob Scuderi              Branislav Mezei                                   20     1   2  2  
 4 Ryan Wilson              Cam Fowler                                        10     1   2  2  

PowerPlay Forward 
   Center                   Left Wing                Right Wing               Time % Phy DF OF 
 1 Tyler Seguin             Artemi Panarin           Devin Setoguchi          60     1   2  2  
 2 Cody Hodgson             Max Pacioretty           Martin Havlat            40     1   2  2  

PowerPlay Defense
   Defense                  Defense                                           Time % Phy DF OF 
 1 Cam Fowler               Mike Lundin                                       60     1   2  2  
 2 Dennis Wideman           Dalton Prout                                      40     1   2  2  

Penalty Kill 4 Players Forward 
   Center                   Wing                     Time % Phy DF OF 
 1 Tyler Seguin             Artemi Panarin           60     1   2  2  
 2 Max Pacioretty           Cody Hodgson             40     1   2  2  

Penalty Kill 4 Players Defense
   Defense                  Defense                  Time % Phy DF OF 
 1 Cam Fowler               Mike Lundin              60     1   2  2  
 2 Dennis Wideman           Dalton Prout             40     1   2  2  

Penalty Kill - 3 Players Forward 
   Forward                                           Time % Phy DF OF 
 1 Tyler Seguin                                      60     1   2  2  
 2 Artemi Panarin                                    40     1   2  2  

Penalty Kill - 3 Players Defense
   Defense                  Defense                  Time % Phy DF OF 
 1 Cam Fowler               Mike Lundin              60     1   2  2  
 2 Dennis Wideman           Dalton Prout             40     1   2  2  

4 vs 4 Forward 
   Center                   Wing                     Time % Phy DF OF 
 1 Tyler Seguin             Artemi Panarin           60     1   2  2  
 2 Max Pacioretty           Cody Hodgson             40     1   2  2  

4 vs 4 Defense
   Defense                  Defense                  Time % Phy DF OF 
 1 Cam Fowler               Mike Lundin              60     1   2  2  
 2 Dennis Wideman           Dalton Prout             40     1   2  2  

Last Minutes Offensive
   Center                   Left Wing                Right Wing               Defense                  Defense                  
   Tyler Seguin             Artemi Panarin           Devin Setoguchi          Cam Fowler               Mike Lundin              

Last Minutes Defensive
   Center                   Left Wing                Right Wing               Defense                  Defense                  
   Tyler Seguin             Artemi Panarin           Devin Setoguchi          Cam Fowler               Mike Lundin              

Goaltenders
Starting : Rick DiPietro            
Backup : Andrei Vasilevskiy       

Extra Forwards
Normal : Pavel Datsyuk, Tyler Kennedy, Eric Wellwood - PP : Pavel Datsyuk, Tyler Kennedy - PK : Eric Wellwood
Extra Defensemen
Normal : Rob Scuderi, Branislav Mezei, Ryan Wilson - PP : Rob Scuderi - PK : Branislav Mezei, Ryan Wilson
Penalty Shots
Tyler Seguin, Artemi Panarin, Max Pacioretty, Cody Hodgson, Devin Setoguchi

Scratches
Anthony Stewart (Healthy), Christian Hanson (Healthy), Thomas Greiss (Healthy)

% Time on Ice - Golden Knights

Lines # - Real PCT - Wanted PCT - Time Play
Normal Forward
1 - 29% - 30% - 13:53
2 - 29% - 30% - 14:06
3 - 21% - 23% - 10:18
4 - 21% - 17% - 9:54
Normal Defense
1 - 35% - 35% - 16:49
2 - 33% - 33% - 16:08
3 - 31% - 32% - 14:48
4 - 1% - 0% - 0:26
PP Forward
1 - 54% - 60% - 4:17
2 - 46% - 40% - 3:39
PP Defense
1 - 58% - 60% - 4:34
2 - 42% - 40% - 3:22
PK Forward
1 - 86% - 60% - 3:20
2 - 14% - 40% - 0:33
PK Defense
1 - 40% - 50% - 1:34
2 - 60% - 50% - 2:19
PK3 Forward
1 - 0% - 60%
2 - 0% - 40%
PK3 Defense
1 - 0% - 60%
2 - 0% - 40%
44 Forward
1 - 0% - 60%
2 - 0% - 40%
44 Defense
1 - 0% - 50%
2 - 0% - 50%
Last Minute Offensive  - 0:00
Last Minute Defensive  - 0:00
Total
Forward - 60:00
Defense - 60:00

% Time on Ice - Blue Jackets

Lines # - Real PCT - Wanted PCT - Time Play
Normal Forward
1 - 30% - 40% - 14:32
2 - 31% - 30% - 15:04
3 - 26% - 20% - 12:24
4 - 13% - 10% - 6:11
Normal Defense
1 - 43% - 40% - 20:39
2 - 31% - 30% - 15:05
3 - 20% - 20% - 9:35
4 - 6% - 10% - 2:52
PP Forward
1 - 36% - 60% - 1:24
2 - 64% - 40% - 2:29
PP Defense
1 - 31% - 60% - 1:12
2 - 69% - 40% - 2:41
PK Forward
1 - 73% - 60% - 5:46
2 - 27% - 40% - 2:10
PK Defense
1 - 51% - 60% - 4:02
2 - 49% - 40% - 3:54
PK3 Forward
1 - 0% - 60%
2 - 0% - 40%
PK3 Defense
1 - 0% - 60%
2 - 0% - 40%
44 Forward
1 - 0% - 60%
2 - 0% - 40%
44 Defense
1 - 0% - 60%
2 - 0% - 40%
Last Minute Offensive  - 0:00
Last Minute Defensive  - 0:00
Total
Forward - 60:00
Defense - 60:00

Play-by-Play

1st period


0:01 of 1st period - Andrei Loktionov wins face-off versus Tyler Seguin in neutral zone.
1:14 of 1st period - Vladimir Mihalik is hit by Dalton Prout and loses puck.
1:39 of 1st period - Wrist shot by Artemi Panarin.
1:39 of 1st period - Shot Blocked by Michael Kostka.
1:41 of 1st period - Slapshot by Dalton Prout.
1:41 of 1st period - Deflect By Tyler Seguin.
1:41 of 1st period - Goal by Tyler Seguin - Golden Knights : 0 - Blue Jackets : 1.
1:42 of 1st period - Tyler Seguin wins face-off versus Andrei Loktionov in neutral zone.
1:45 of 1st period - Wrist shot by Artemi Panarin.
1:45 of 1st period - Stopped by Ondrej Pavelec without a rebound.
1:46 of 1st period - Andrei Loktionov wins face-off versus Tyler Seguin in Golden Knights zone.
1:46 of 1st period - Andrei Loktionov is hit by Tyler Seguin.
2:52 of 1st period - Off-side.
2:53 of 1st period - Pavel Datsyuk wins face-off versus Shawn Matthias in neutral zone.
3:06 of 1st period - Slapshot by Tyler Kennedy.
3:06 of 1st period - Deflect By Pavel Datsyuk.
3:06 of 1st period - Goal by Pavel Datsyuk - Golden Knights : 0 - Blue Jackets : 2.
3:07 of 1st period - Cody Hodgson wins face-off versus Andrei Loktionov in neutral zone.
3:16 of 1st period - Slapshot by Max Pacioretty.
3:16 of 1st period - Shot Blocked by Andrei Loktionov.
3:45 of 1st period - Snap shot by Thomas Vanek.
3:45 of 1st period - Stopped by Rick DiPietro with a rebound.
4:42 of 1st period - Slapshot by Jared Cowen.
4:42 of 1st period - Deflect By Tyler Seguin.
4:42 of 1st period - Stopped by Rick DiPietro without a rebound.
4:43 of 1st period - Andrei Loktionov wins face-off versus Tyler Seguin in Blue Jackets zone.
4:44 of 1st period - Wrist shot by Michael Frolik.
4:44 of 1st period - Shot Blocked by Branislav Mezei.
5:08 of 1st period - Martin Havlat is hit by Thomas Vanek and loses puck.
5:17 of 1st period - Wrist shot by Cody Hodgson.
5:17 of 1st period - Stopped by Ondrej Pavelec with a rebound.
6:04 of 1st period - Icing by Nathan Horton.
6:05 of 1st period - Chris Tierney wins face-off versus Cody Hodgson in Golden Knights zone.
6:05 of 1st period - Chris Tierney is hit by Cody Hodgson.
6:59 of 1st period - Snap shot by Artemi Panarin.
6:59 of 1st period - Stopped by Ondrej Pavelec without a rebound.
7:00 of 1st period - Tyler Seguin wins face-off versus Matt Stajan in Golden Knights zone.
7:01 of 1st period - Wrist shot by Artemi Panarin.
7:01 of 1st period - Stopped by Ondrej Pavelec without a rebound.
7:02 of 1st period - Matt Stajan wins face-off versus Tyler Seguin in Golden Knights zone.
7:17 of 1st period - Snap shot by Thomas Vanek.
7:17 of 1st period - Stopped by Rick DiPietro with a rebound.
7:27 of 1st period - Wes O'Neill is hit by Dalton Prout and loses puck.
7:32 of 1st period - Slapshot by Pavel Datsyuk.
7:32 of 1st period - Stopped by Ondrej Pavelec with a rebound.
7:38 of 1st period - Snap shot by Andrei Loktionov.
7:38 of 1st period - Stopped by Rick DiPietro with a rebound.
8:15 of 1st period - Snap shot by Thomas Vanek.
8:15 of 1st period - Stopped by Rick DiPietro with a rebound.
8:41 of 1st period - Minor Penalty to Mike Lundin for Holding.
8:42 of 1st period - Tyler Seguin wins face-off versus Andrei Loktionov in Blue Jackets zone.
10:41 of 1st period - Penalty to Mike Lundin is over, Mike Lundin is back on ice.
10:46 of 1st period - Wayne Simmonds is hit by Eric Wellwood and loses puck.
11:03 of 1st period - Snap shot by Andreas Nodl.
11:03 of 1st period - Stopped by Ondrej Pavelec with a rebound.
11:15 of 1st period - Cody Hodgson is hit by Zach Bogosian and loses puck.
11:36 of 1st period - Icing by Dennis Wideman.
11:37 of 1st period - Sebastian Aho wins face-off versus Pavel Datsyuk in Blue Jackets zone.
11:59 of 1st period - Icing by Eric Wellwood.
12:00 of 1st period - Pavel Datsyuk wins face-off versus Chris Tierney in Blue Jackets zone.
12:11 of 1st period - Snap shot by Nathan Horton.
12:11 of 1st period - Stopped by Rick DiPietro without a rebound.
12:12 of 1st period - Tyler Seguin wins face-off versus Andrei Loktionov in Blue Jackets zone.
13:07 of 1st period - Wrist shot by Michael Frolik.
13:07 of 1st period - Stopped by Rick DiPietro with a rebound.
13:09 of 1st period - Wrist shot by Andrei Loktionov.
13:09 of 1st period - Deflect By Ilya Kovalchuk.
13:09 of 1st period - Shot Misses the Net.
13:09 of 1st period - Puck is out of play.
13:10 of 1st period - Matt Stajan wins face-off versus Tyler Seguin in Blue Jackets zone.
13:40 of 1st period - Tyler Kennedy is hit by Jared Cowen and loses puck.
13:49 of 1st period - Slapshot by Sergei Plotnikov.
13:49 of 1st period - Shot Blocked by Pavel Datsyuk.
14:08 of 1st period - Off-side.
14:09 of 1st period - Tyler Seguin wins face-off versus Wayne Simmonds in neutral zone.
14:36 of 1st period - Slapshot by Michael Kostka.
14:36 of 1st period - Stopped by Rick DiPietro without a rebound.
14:37 of 1st period - Martin Havlat wins face-off versus Sebastian Aho in Blue Jackets zone.
14:43 of 1st period - Off-side.
14:44 of 1st period - Cody Hodgson wins face-off versus Matt Stajan in neutral zone.
14:55 of 1st period - Snap shot by Cody Hodgson.
14:55 of 1st period - Stopped by Ondrej Pavelec without a rebound.
14:56 of 1st period - Tyler Seguin wins face-off versus Andrei Loktionov in Golden Knights zone.
15:07 of 1st period - Wrist shot by Tyler Seguin.
15:07 of 1st period - Goal by Tyler Seguin - Golden Knights : 0 - Blue Jackets : 3.
15:08 of 1st period - Devin Setoguchi wins face-off versus Matt Stajan in neutral zone.
15:57 of 1st period - Snap shot by Vladimir Zharkov.
15:57 of 1st period - Stopped by Rick DiPietro without a rebound.
15:58 of 1st period - Cody Hodgson wins face-off versus Sebastian Aho in Blue Jackets zone.
17:02 of 1st period - Wrist shot by Cody Hodgson.
17:02 of 1st period - Shot Blocked by Jared Cowen.
17:14 of 1st period - Snap shot by Martin Havlat.
17:14 of 1st period - Stopped by Ondrej Pavelec without a rebound.
17:15 of 1st period - Matt Stajan wins face-off versus Tyler Seguin in Golden Knights zone.
17:20 of 1st period - Artemi Panarin is hit by Zach Bogosian.
17:26 of 1st period - Wrist shot by Devin Setoguchi.
17:26 of 1st period - Stopped by Ondrej Pavelec without a rebound.
17:27 of 1st period - Tyler Seguin wins face-off versus Andrei Loktionov in Golden Knights zone.
17:42 of 1st period - Wrist shot by Andrei Loktionov.
17:42 of 1st period - Stopped by Rick DiPietro with a rebound.
17:54 of 1st period - Matt Stajan is hit by Tyler Kennedy and loses puck.
18:05 of 1st period - Wrist shot by Eric Wellwood.
18:05 of 1st period - Shot Misses the Net.
18:23 of 1st period - Slapshot by Zach Bogosian.
18:23 of 1st period - Stopped by Rick DiPietro without a rebound.
18:24 of 1st period - Pavel Datsyuk wins face-off versus Michael Frolik in Blue Jackets zone.
18:49 of 1st period - Devin Setoguchi is hit by Michael Kostka and loses puck.
19:10 of 1st period - Chris Tierney is hit by Cody Hodgson and loses puck.
19:51 of 1st period - Wrist shot by Thomas Vanek.
19:51 of 1st period - Stopped by Rick DiPietro without a rebound.
19:52 of 1st period - Tyler Seguin wins face-off versus Matt Stajan in Blue Jackets zone.
19:59 of 1st period - Matt Stajan is hit by Tyler Seguin and loses puck.
Goals for this period are 0 for Golden Knights vs 3 for Blue Jackets.
Shots for this period are 12 for Golden Knights vs 12 for Blue Jackets.

2nd period


0:01 of 2nd period - Tyler Seguin wins face-off versus Michael Frolik in neutral zone.
0:26 of 2nd period - Michael Kostka is hit by Martin Havlat and loses puck.
0:37 of 2nd period - Wrist shot by Cody Hodgson.
0:37 of 2nd period - Deflect By Wayne Simmonds.
0:37 of 2nd period - Stopped by Ondrej Pavelec without a rebound.
0:38 of 2nd period - Tyler Seguin wins face-off versus Ilya Kovalchuk in Golden Knights zone.
0:47 of 2nd period - Wrist shot by Tyler Seguin.
0:47 of 2nd period - Shot Misses the Net.
0:49 of 2nd period - Slapshot by Branislav Mezei.
0:49 of 2nd period - Shot Misses the Net.
1:29 of 2nd period - Snap shot by Thomas Vanek.
1:29 of 2nd period - Shot Misses the Net.
1:48 of 2nd period - Slapshot by Vladimir Mihalik.
1:48 of 2nd period - Stopped by Rick DiPietro without a rebound.
1:49 of 2nd period - Cody Hodgson wins face-off versus Andrei Loktionov in Blue Jackets zone.
1:49 of 2nd period - Cody Hodgson is hit by Ilya Kovalchuk.
1:52 of 2nd period - Minor Penalty to Dennis Wideman for Roughing.
1:53 of 2nd period - Tyler Seguin wins face-off versus Andrei Loktionov in Blue Jackets zone.
2:03 of 2nd period - Snap shot by Michael Frolik.
2:03 of 2nd period - Shot Misses the Net.
2:05 of 2nd period - Snap shot by Andrei Loktionov.
2:05 of 2nd period - Shot Hit the Post.
3:05 of 2nd period - Ilya Kovalchuk is hit by Cody Hodgson and loses puck.
3:52 of 2nd period - Penalty to Dennis Wideman is over, Dennis Wideman is back on ice.
4:02 of 2nd period - Tyler Seguin is hit by Zach Bogosian and loses puck.
4:09 of 2nd period - Brandon Bollig is hit by Nathan Horton and loses puck.
4:26 of 2nd period - Snap shot by Sergei Plotnikov.
4:26 of 2nd period - Shot Blocked by Brandon Bollig.
5:29 of 2nd period - Wrist shot by Tyler Kennedy.
5:29 of 2nd period - Stopped by Ondrej Pavelec with a rebound.
5:31 of 2nd period - Snap shot by Rob Scuderi.
5:31 of 2nd period - Stopped by Ondrej Pavelec with a rebound.
5:33 of 2nd period - Snap shot by Pavel Datsyuk.
5:33 of 2nd period - Stopped by Ondrej Pavelec without a rebound.
5:34 of 2nd period - Cody Hodgson wins face-off versus Chris Tierney in Golden Knights zone.
5:41 of 2nd period - Snap shot by Cody Hodgson.
5:41 of 2nd period - Shot Misses the Net.
5:51 of 2nd period - Martin Havlat is hit by Jamie Oleksiak and loses puck.
6:53 of 2nd period - Wrist shot by Thomas Vanek.
6:53 of 2nd period - Shot Misses the Net.
7:11 of 2nd period - Slapshot by Jared Cowen.
7:11 of 2nd period - Shot Misses the Net.
7:34 of 2nd period - Branislav Mezei is hit by Sergei Plotnikov and loses puck.
8:39 of 2nd period - Wrist shot by Chris Tierney.
8:39 of 2nd period - Shot Blocked by Cody Hodgson.
9:09 of 2nd period - Dennis Wideman is hit by Wes O'Neill and loses puck.
9:53 of 2nd period - Snap shot by Chris Tierney.
9:53 of 2nd period - Stopped by Rick DiPietro with a rebound.
10:03 of 2nd period - Martin Havlat is hit by Michael Frolik and loses puck.
10:14 of 2nd period - Ilya Kovalchuk is hit by Max Pacioretty and loses puck.
10:23 of 2nd period - Slapshot by Max Pacioretty.
10:23 of 2nd period - Stopped by Ondrej Pavelec with a rebound.
10:25 of 2nd period - Wrist shot by Mike Lundin.
10:25 of 2nd period - Stopped by Ondrej Pavelec with a rebound.
10:27 of 2nd period - Snap shot by Cody Hodgson.
10:27 of 2nd period - Shot Misses the Net.
10:29 of 2nd period - Slapshot by Mike Lundin.
10:29 of 2nd period - Deflect By Michael Frolik.
10:29 of 2nd period - Stopped by Ondrej Pavelec without a rebound.
10:30 of 2nd period - Tyler Seguin wins face-off versus Matt Stajan in Golden Knights zone.
10:35 of 2nd period - Wrist shot by Devin Setoguchi.
10:35 of 2nd period - Goal by Devin Setoguchi - Golden Knights : 0 - Blue Jackets : 4.
10:36 of 2nd period - Andrei Loktionov wins face-off versus Tyler Seguin in neutral zone.
10:47 of 2nd period - Wrist shot by Ilya Kovalchuk.
10:47 of 2nd period - Stopped by Rick DiPietro without a rebound.
10:48 of 2nd period - Tyler Seguin wins face-off versus Andrei Loktionov in Blue Jackets zone.
11:06 of 2nd period - Jamie Oleksiak is hit by Tyler Seguin.
11:16 of 2nd period - Slapshot by Martin Havlat.
11:16 of 2nd period - Stopped by Ondrej Pavelec with a rebound.
11:53 of 2nd period - Icing by Dennis Wideman.
11:54 of 2nd period - Wayne Simmonds wins face-off versus Pavel Datsyuk in Blue Jackets zone.
12:01 of 2nd period - Snap shot by Thomas Vanek.
12:01 of 2nd period - Shot Misses the Net.
12:58 of 2nd period - Minor Penalty to Wes O'Neill for Roughing.
12:59 of 2nd period - Tyler Seguin wins face-off versus Michael Frolik in Golden Knights zone.
13:29 of 2nd period - Snap shot by Cody Hodgson.
13:29 of 2nd period - Shot Blocked by Michael Frolik.
13:31 of 2nd period - Wrist shot by Max Pacioretty.
13:31 of 2nd period - Stopped by Ondrej Pavelec without a rebound.
13:32 of 2nd period - Michael Frolik wins face-off versus Cody Hodgson in Golden Knights zone.
13:50 of 2nd period - Wrist shot by Martin Havlat.
13:50 of 2nd period - Stopped by Ondrej Pavelec with a rebound.
14:52 of 2nd period - Slapshot by Martin Havlat.
14:52 of 2nd period - Goal by Martin Havlat - Golden Knights : 0 - Blue Jackets : 5.
14:52 of 2nd period - Matt Hackett enters game.
14:53 of 2nd period - Matt Stajan wins face-off versus Tyler Seguin in neutral zone.
15:00 of 2nd period - Wrist shot by Thomas Vanek.
15:00 of 2nd period - Stopped by Rick DiPietro with a rebound.
15:32 of 2nd period - Cam Fowler is hit by Chris Tierney and loses puck.
16:04 of 2nd period - Wrist shot by Andreas Nodl.
16:04 of 2nd period - Stopped by Matt Hackett without a rebound.
16:05 of 2nd period - Tyler Seguin wins face-off versus Matt Stajan in Golden Knights zone.
17:20 of 2nd period - Snap shot by Nathan Horton.
17:20 of 2nd period - Stopped by Rick DiPietro with a rebound.
17:22 of 2nd period - Slapshot by Jared Cowen.
17:22 of 2nd period - Shot Blocked by Mike Lundin.
17:24 of 2nd period - Snap shot by Wes O'Neill.
17:24 of 2nd period - Shot Blocked by Cam Fowler.
17:40 of 2nd period - Slapshot by Max Pacioretty.
17:40 of 2nd period - Stopped by Matt Hackett with a rebound.
18:22 of 2nd period - Slapshot by Vladimir Mihalik.
18:22 of 2nd period - Deflect By Shawn Matthias.
18:22 of 2nd period - Stopped by Rick DiPietro without a rebound.
18:23 of 2nd period - Chris Tierney wins face-off versus Tyler Seguin in Blue Jackets zone.
18:26 of 2nd period - Wrist shot by Shawn Matthias.
18:26 of 2nd period - Shot Blocked by Brandon Bollig.
18:37 of 2nd period - Icing by Nathan Horton.
18:38 of 2nd period - Cody Hodgson wins face-off versus Andrei Loktionov in Golden Knights zone.
18:43 of 2nd period - Slapshot by Martin Havlat.
18:43 of 2nd period - Goal by Martin Havlat - Golden Knights : 0 - Blue Jackets : 6.
18:44 of 2nd period - Tyler Seguin wins face-off versus Andrei Loktionov in neutral zone.
19:01 of 2nd period - Snap shot by Andrei Loktionov.
19:01 of 2nd period - Stopped by Rick DiPietro with a rebound.
19:17 of 2nd period - Wrist shot by Pavel Datsyuk.
19:17 of 2nd period - Goal by Pavel Datsyuk - Golden Knights : 0 - Blue Jackets : 7.
19:18 of 2nd period - Matt Stajan wins face-off versus Tyler Seguin in neutral zone.
19:25 of 2nd period - Wrist shot by Wayne Simmonds.
19:25 of 2nd period - Shot Misses the Net.
19:27 of 2nd period - Snap shot by Wayne Simmonds.
19:27 of 2nd period - Deflect By Matt Stajan.
19:27 of 2nd period - Stopped by Rick DiPietro without a rebound.
19:28 of 2nd period - Tyler Seguin wins face-off versus Matt Stajan in Blue Jackets zone.
19:42 of 2nd period - Wayne Simmonds is hit by Tyler Seguin and loses puck.
Goals for this period are 0 for Golden Knights vs 4 for Blue Jackets.
Shots for this period are 8 for Golden Knights vs 16 for Blue Jackets.

3rd period


0:01 of 3rd period - Tyler Seguin wins face-off versus Andrei Loktionov in neutral zone.
1:12 of 3rd period - Wrist shot by Nathan Horton.
1:12 of 3rd period - Stopped by Rick DiPietro with a rebound.
1:14 of 3rd period - Snap shot by Nathan Horton.
1:14 of 3rd period - Stopped by Rick DiPietro with a rebound.
1:22 of 3rd period - Slapshot by Eric Wellwood.
1:22 of 3rd period - Stopped by Matt Hackett with a rebound.
1:44 of 3rd period - Snap shot by Michael Frolik.
1:44 of 3rd period - Stopped by Rick DiPietro with a rebound.
1:46 of 3rd period - Snap shot by Vladimir Mihalik.
1:46 of 3rd period - Shot Blocked by Dalton Prout.
1:52 of 3rd period - Minor Penalty to Max Pacioretty for Hooking.
1:53 of 3rd period - Tyler Seguin wins face-off versus Andrei Loktionov in Blue Jackets zone.
3:23 of 3rd period - Icing by Matt Stajan.
3:24 of 3rd period - Matt Stajan wins face-off versus Cody Hodgson in Golden Knights zone.
3:36 of 3rd period - Icing by Andrei Loktionov.
3:37 of 3rd period - Tyler Seguin wins face-off versus Andrei Loktionov in Golden Knights zone.
3:52 of 3rd period - Penalty to Max Pacioretty is over, Max Pacioretty is back on ice.
4:02 of 3rd period - Snap shot by Sebastian Aho.
4:02 of 3rd period - Shot Blocked by Eric Wellwood.
4:08 of 3rd period - Wrist shot by Vladimir Zharkov.
4:08 of 3rd period - Stopped by Rick DiPietro with a rebound.
4:10 of 3rd period - Slapshot by Michael Kostka.
4:10 of 3rd period - Deflect By Dalton Prout.
4:10 of 3rd period - Stopped by Rick DiPietro without a rebound.
4:11 of 3rd period - Andrei Loktionov wins face-off versus Cody Hodgson in Blue Jackets zone.
4:20 of 3rd period - Snap shot by Andrei Loktionov.
4:20 of 3rd period - Shot Misses the Net.
4:22 of 3rd period - Snap shot by Andrei Loktionov.
4:22 of 3rd period - Shot Misses the Net.
4:24 of 3rd period - Slapshot by Michael Kostka.
4:24 of 3rd period - Stopped by Rick DiPietro with a rebound.
4:38 of 3rd period - Pavel Datsyuk is hit by Thomas Vanek and loses puck.
5:09 of 3rd period - Slapshot by Chris Tierney.
5:09 of 3rd period - Shot Blocked by Mike Lundin.
5:11 of 3rd period - Slapshot by Vladimir Mihalik.
5:11 of 3rd period - Shot Blocked by Cam Fowler.
5:26 of 3rd period - Minor Penalty to Sebastian Aho for Hooking.
5:27 of 3rd period - Michael Frolik wins face-off versus Tyler Seguin in Golden Knights zone.
5:39 of 3rd period - Wes O'Neill is hit by Tyler Seguin and loses puck.
6:05 of 3rd period - Michael Kostka is hit by Cam Fowler and loses puck.
6:20 of 3rd period - Matt Stajan is hit by Tyler Seguin and loses puck.
7:26 of 3rd period - Penalty to Sebastian Aho is over, Sebastian Aho is back on ice.
7:31 of 3rd period - Slapshot by Michael Frolik.
7:31 of 3rd period - Shot Blocked by Tyler Kennedy.
9:46 of 3rd period - Branislav Mezei is hit by Jared Cowen and loses puck.
10:10 of 3rd period - Icing by Michael Kostka.
10:11 of 3rd period - Matt Stajan wins face-off versus Pavel Datsyuk in Golden Knights zone.
10:11 of 3rd period - Matt Stajan is hit by Pavel Datsyuk.
10:34 of 3rd period - Wrist shot by Nathan Horton.
10:34 of 3rd period - Shot Misses the Net.
10:36 of 3rd period - Wrist shot by Shawn Matthias.
10:36 of 3rd period - Shot Blocked by Dennis Wideman.
10:38 of 3rd period - Slapshot by Shawn Matthias.
10:38 of 3rd period - Deflect By Nathan Horton.
10:38 of 3rd period - Goal by Nathan Horton - Golden Knights : 1 - Blue Jackets : 7.
10:39 of 3rd period - Tyler Seguin wins face-off versus Matt Stajan in neutral zone.
10:48 of 3rd period - Wrist shot by Artemi Panarin.
10:48 of 3rd period - Shot Misses the Net.
10:50 of 3rd period - Wrist shot by Tyler Seguin.
10:50 of 3rd period - Stopped by Matt Hackett with a rebound.
11:57 of 3rd period - Mike Lundin is hit by Chris Tierney and loses puck.
12:32 of 3rd period - Off-side.
12:33 of 3rd period - Andrei Loktionov wins face-off versus Tyler Seguin in neutral zone.
12:53 of 3rd period - Minor Penalty to Pavel Datsyuk for Hooking.
12:54 of 3rd period - Andrei Loktionov wins face-off versus Tyler Seguin in Blue Jackets zone.
14:16 of 3rd period - Andrei Loktionov is hit by Cody Hodgson and loses puck.
14:53 of 3rd period - Penalty to Pavel Datsyuk is over, Pavel Datsyuk is back on ice.
15:25 of 3rd period - Eric Wellwood is hit by Jamie Oleksiak and loses puck.
15:42 of 3rd period - Zach Bogosian is hit by Martin Havlat and loses puck.
15:50 of 3rd period - Icing by Vladimir Mihalik.
15:51 of 3rd period - Tyler Seguin wins face-off versus Chris Tierney in Golden Knights zone.
16:18 of 3rd period - Snap shot by Matt Stajan.
16:18 of 3rd period - Stopped by Rick DiPietro with a rebound.
16:38 of 3rd period - Snap shot by Ilya Kovalchuk.
16:38 of 3rd period - Shot Blocked by Dennis Wideman.
16:40 of 3rd period - Wrist shot by Andrei Loktionov.
16:40 of 3rd period - Stopped by Rick DiPietro with a rebound.
16:42 of 3rd period - Wrist shot by Ilya Kovalchuk.
16:42 of 3rd period - Stopped by Rick DiPietro without a rebound.
16:43 of 3rd period - Tyler Seguin wins face-off versus Sebastian Aho in Blue Jackets zone.
16:50 of 3rd period - Snap shot by Sebastian Aho.
16:50 of 3rd period - Deflect By Vladimir Zharkov.
16:50 of 3rd period - Stopped by Rick DiPietro with a rebound.
16:52 of 3rd period - Wrist shot by Jared Cowen.
16:52 of 3rd period - Deflect By Sebastian Aho.
16:52 of 3rd period - Stopped by Rick DiPietro without a rebound.
16:53 of 3rd period - Tyler Seguin wins face-off versus Sebastian Aho in Blue Jackets zone.
17:00 of 3rd period - Slapshot by Jared Cowen.
17:00 of 3rd period - Shot Misses the Net.
17:02 of 3rd period - Backhand shot by Sebastian Aho.
17:02 of 3rd period - Stopped by Rick DiPietro with a rebound.
17:04 of 3rd period - Slapshot by Wes O'Neill.
17:04 of 3rd period - Stopped by Rick DiPietro with a rebound.
17:24 of 3rd period - Slapshot by Jared Cowen.
17:24 of 3rd period - Shot Misses the Net.
17:26 of 3rd period - Slapshot by Wes O'Neill.
17:26 of 3rd period - Stopped by Rick DiPietro without a rebound.
17:27 of 3rd period - Cody Hodgson wins face-off versus Matt Stajan in Blue Jackets zone.
17:34 of 3rd period - Wrist shot by Wayne Simmonds.
17:34 of 3rd period - Stopped by Rick DiPietro with a rebound.
17:36 of 3rd period - Snap shot by Michael Kostka.
17:36 of 3rd period - Shot Misses the Net.
17:38 of 3rd period - Wrist shot by Michael Kostka.
17:38 of 3rd period - Stopped by Rick DiPietro without a rebound.
17:39 of 3rd period - Tyler Seguin wins face-off versus Andrei Loktionov in Blue Jackets zone.
17:49 of 3rd period - Off-side.
17:50 of 3rd period - Tyler Seguin wins face-off versus Matt Stajan in neutral zone.
17:57 of 3rd period - Slapshot by Artemi Panarin.
17:57 of 3rd period - Stopped by Matt Hackett with a rebound.
17:59 of 3rd period - Snap shot by Tyler Seguin.
17:59 of 3rd period - Shot Misses the Net.
18:01 of 3rd period - Slapshot by Dalton Prout.
18:01 of 3rd period - Deflect By Thomas Vanek.
18:01 of 3rd period - Stopped by Matt Hackett with a rebound.
18:03 of 3rd period - Wrist shot by Devin Setoguchi.
18:03 of 3rd period - Shot Misses the Net.
18:05 of 3rd period - Snap shot by Devin Setoguchi.
18:05 of 3rd period - Shot Misses the Net.
18:07 of 3rd period - Snap shot by Artemi Panarin.
18:07 of 3rd period - Stopped by Matt Hackett without a rebound.
18:08 of 3rd period - Cody Hodgson wins face-off versus Andrei Loktionov in Golden Knights zone.
18:13 of 3rd period - Snap shot by Max Pacioretty.
18:13 of 3rd period - Stopped by Matt Hackett with a rebound.
18:19 of 3rd period - Wrist shot by Michael Frolik.
18:19 of 3rd period - Shot Misses the Net.
18:21 of 3rd period - Slapshot by Jamie Oleksiak.
18:21 of 3rd period - Stopped by Rick DiPietro without a rebound.
18:22 of 3rd period - Matt Stajan wins face-off versus Tyler Seguin in Blue Jackets zone.
18:35 of 3rd period - Snap shot by Wayne Simmonds.
18:35 of 3rd period - Shot Misses the Net.
19:55 of 3rd period - Cody Hodgson is hit by Wes O'Neill and loses puck.
Goals for this period are 1 for Golden Knights vs 0 for Blue Jackets.
Shots for this period are 18 for Golden Knights vs 6 for Blue Jackets.